Map: Lightshade LE

Players

bluJay - Winner!

  • Race: Terran Terran
  • Spawn Location: 5:00

VOD

Have the link to the VOD?

Description

Time

  • Played on: July 24, 2021, 9:35 a.m.
  • Length: 17:15
Show
View Real Time Build Order
Export as new Build Order

bluJay Terran - Winner!

Build Orders:  

Get SALT Encoding   

  12  0:00  SCV  
  13  0:17  SCV  
  14  0:25  Supply Depot  
  14  0:34  SCV  
  15  0:55  SCV  
  15  0:58  Barracks  
  16  1:12  Refinery, SCV  
  17  1:29  SCV  
  18  1:46  SCV  
  19  2:03  Orbital Command  
  19  2:13  Barracks Reactor  
  19  2:19  Command Center  
  19  2:34  Supply Depot  
  19  2:39  SCV  
  20  2:56  Barracks, SCV  
  21  3:07  Marine  
  22  3:13  SCV  
  22  3:19  Bunker  
  23  3:21  Marine  
  24  3:30  SCV  
  24  3:38  Marine  
  26  3:46  Marine  
  26  3:47  SCV  
  28  4:03  Marine, Barracks Tech Lab  
  28  4:04  SCV  
  30  4:11  Marine  
  30  4:12  Orbital Command  
  30  4:14  Stimpack  
  31  4:24  Supply Depot  
  31  4:26  SCV  
  32  4:37  Barracks  
  32  4:45  SCV  
  33  4:54  SCV  
  33  4:56  Marine  
  33  4:58  Marine  
  36  5:01  Marine  
  36  5:05  SCV  
  38  5:15  SCV  
  39  5:25  Marine x2  
  39  5:27  Marauder  
  39  5:28  SCV  
  44  5:34  SCV  
  45  5:41  Refinery  
  45  5:46  Barracks Reactor  
  45  5:48  SCV  
  45  5:49  Supply Depot  
  46  5:51  Marine x2  
  46  5:56  SCV  
  46  5:59  Marine  
  50  6:05  SCV  
  51  6:17  SCV  
  52  6:25  SCV  
  52  6:27  Marine x2  
  55  6:30  Marauder  
  55  6:37  Marine x2  
  55  6:39  SCV  
  60  6:46  Factory  
  60  6:54  Engineering Bay, SCV  
  60  6:55  Marine x2  
  63  7:02  SCV  
  63  7:04  Marine x2  
  63  7:05  Marauder  
  68  7:12  Supply Depot  
  68  7:20  SCV x2  
  68  7:22  Marine x2  
  68  7:29  Marine x2  
  74  7:31  Terran Infantry Weapons Level 1  
  74  7:35  Marauder  
  74  7:38  SCV  
  74  7:39  SCV  
  78  7:43  Supply Depot  
  78  7:48  Marine x2  
  78  7:49  Factory Reactor  
  80  7:55  Marine x2  
  82  8:01  Starport  
  82  8:02  SCV  
  82  8:03  SCV  
  84  8:19  Marine x2  
  86  8:20  Marauder  
  86  8:24  Marine  
  86  8:25  Marine  
  86  8:26  SCV x2  
  92  8:36  Refinery  
  92  8:38  Refinery  
  92  8:44  SCV x2  
  94  8:54  Marine x2  
  94  8:55  Factory Tech Lab  
  94  8:57  Marine  
  94  8:58  Marine, Marauder  
  100  9:04  SCV x2  
  102  9:13  Medivac  
  102  9:14  Medivac  
  106  9:22  Marine x2  
  106  9:25  Marine x2  
  106  9:27  Siege Tank  
  106  9:28  Marauder  
  115  9:57  Armory  
  115  9:58  SCV x2  
  115  9:59  Engineering Bay, Marine  
  61  10:00  Marine x4  
  118  10:04  Medivac x2  
  126  10:11  Terran Infantry Armor Level 1  
  126  10:26  Supply Depot  
  126  10:29  Supply Depot  
  126  10:35  Barracks  
  126  10:56  Marine x3, Siege Tank, SCV x2  
  126  10:57  Supply Depot  
  126  10:59  Marine x2  
  136  11:00  Supply Depot  
  136  11:05  Medivac  
  136  11:06  Medivac  
  136  11:08  Terran Infantry Weapons Level 2  
  140  11:20  SCV x2  
  140  11:24  Barracks  
  140  11:25  Marine x2  
  140  11:26  Marine x2  
  146  11:45  Barracks Tech Lab  
  146  11:53  Command Center  
  146  12:12  Marine x4  
  146  12:14  Unknown  
  146  12:16  Concussive Shells  
  146  12:19  Medivac x2  
  154  12:21  Siege Tank  
  154  12:23  Marine x2  
  154  12:28  Terran Vehicle Weapons Level 1  
  159  12:33  Barracks Reactor  
  159  12:47  Marine x4  
  163  12:52  Marine  
  164  13:00  Refinery  
  164  13:05  Refinery  
  164  13:14  Medivac x2  
  164  13:15  Siege Tank  
  171  13:29  Supply Depot  
  171  13:57  Orbital Command  
  171  14:02  Medivac x2  
  171  14:03  Siege Tank  
  171  14:09  Marine x2  
  180  14:10  Marine x4  
  184  14:21  Siege Tank x2  
  184  14:22  Siege Tank x2  
  184  14:41  Marine x2  
  184  14:42  Marine  
  184  14:43  Medivac  
  184  14:44  Medivac  
  184  14:48  Siege Tank  
  192  15:21  Marine x4  
  192  15:25  Medivac  
  192  15:26  Medivac  
  200  15:58  Siege Tank  
  200  16:00  Siege Tank  
  200  16:05  Siege Tank x4  
  198  16:27  Marine  
  198  16:28  Marine x4  
  198  16:29  Marine  
Tags
 
Add a new tag
Caveats
  • Supply blocks, unpowered buildings, or Contaminate may cause inaccurate times.
  • Supply counts are checked every 10 seconds.